 Dungeon Crawl Stone Soup version 0.31-a0-466-g98c9adc2b6 (webtiles) character file.

Game seed: 523366959683375856

1 MisterAzrael the Ruffian (level 1, -2/17 HPs)
             Began as a Djinni Shapeshifter on Aug 5, 2023.
             Slain by a kobold
             ... wielding a +0 whip
              (4 damage)
             ... on level 1 of the Dungeon.
             The game lasted 00:00:08 (30 turns).

MisterAzrael the Ruffian (Djinni Shapeshifter)        Turns: 30, Time: 00:00:09

Health: -2/17      AC:  2    Str: 14    XL:     1   Next: 22%
Gold:   11         EV: 12    Int:  9    God:
                   SH:  0    Dex: 13

rFire   + +          .
                       - Unarmed
rCold   x . .        (no shield)
rNeg    . . .        a - +0 animal skin
rPois   ∞            (helmet currently unavailable)
rElec   .            (cloak currently unavailable)
rCorr   .            (gloves currently unavailable)
SInv    .            (boots unavailable)
Will    .....        (no amulet)
Stlth   +            (no ring)
HPRegen 0.22/turn    (no ring)
MPRegen 0.00/turn

%: infuse magic (-3 HP)
@: beast-form, flying
A: beast (slay +1), flying, sickness immunity, fire resistance 2, cold
vulnerability 1, float, innate caster, HP casting, extra vitality 1
a: Begin Untransformation


You were on level 1 of the Dungeon.
You were a hulking beast.
You visited 1 branch of the dungeon, and saw 1 of its levels.

You collected 11 gold pieces.

Inventory:

Armour
 a - a +0 animal skin (worn)
Talismans
 c - a beast talisman (active)
Potions
 b - a potion of lignification


   Skills:
 + Level 1.0 Fighting
 + Level 2.1 Dodging
 + Level 3.0 Unarmed Combat
 * Level 0.0 Spellcasting
 * Level 0.0 Conjurations
 * Level 0.0 Hexes
   Level 0.0 Charms
 * Level 0.0 Summonings
 * Level 0.0 Necromancy
 * Level 0.0 Translocations
 * Level 0.0 Transmutations
 * Level 0.0 Fire Magic
 * Level 0.0 Ice Magic
 * Level 0.0 Air Magic
 * Level 0.0 Earth Magic
 * Level 0.0 Poison Magic
 + Level 2.6 Shapeshifting You didn't know any spells. Your spell library was empty.

Dungeon Overview and Level Annotations

Branches:
Dungeon (1/15)

Altars:


Innate Abilities, Weirdness & Mutations

You are a hulking beast.
Your limbs bulge with bestial killing power. (Slay +1)
You are flying.
You are immune to sickness and miasma.
You are immune to poison.
Your flesh is very heat resistant. (rF++)
You are vulnerable to cold. (rC-)
You float through the air rather than walking.
You learn spells naturally, not from books.
Your magical power is your life essence.
You have superior vitality. (+4 MHP)


Message History

You now have 11 gold pieces.
Found 2 javelins.
A goblin comes into view. It is wielding a +0 dagger.
A goblin is nearby!
A kobold comes into view. It is wielding a +0 short sword.
The kobold shouts!
The goblin shouts!
You hear a shout!
A kobold comes into view. It is wielding a +0 whip.
An endoplasm comes into view.
The goblin hits you with a +0 dagger.
You miss the goblin. The goblin closely misses you.
You completely miss the goblin.
The kobold shouts!
The goblin closely misses you.
A frilled lizard comes into view.
You closely miss the kobold. You miss the kobold.
The frilled lizard hisses angrily.
The goblin hits you with a +0 dagger. The kobold completely misses you.
You closely miss the kobold. The goblin hits you but does no damage.
The kobold hits you with a +0 short sword.
You hit the kobold.
You kill the kobold!
The goblin hits you but does no damage.
You hit the endoplasm.
The endoplasm is heavily wounded.
The goblin misses you. The endoplasm barely misses you.
The kobold attacks as you move away! The kobold hits you with a +0 whip.
The endoplasm hits you. The endoplasm attacks as you move away!
The endoplasm hits you.
* * * LOW HITPOINT WARNING * * *
The goblin attacks as you move away! The goblin hits you with a +0 dagger.
* * * LOW HITPOINT WARNING * * *
The kobold attacks as you move away! The kobold hits you with a +0 whip.
* * * LOW HITPOINT WARNING * * *
The kobold barely misses you. The endoplasm freezes you.
You are frozen.
* * * LOW HITPOINT WARNING * * *
The kobold attacks as you move away! The kobold hits you with a +0 whip.
You die...

.... #....#######
#...........
#...........
#.##........
#.##..(....
##########.......#
#.........hJl)...#
#.##.#####gK.....#
#...# #.......#
##########8..#
#.......#
.............#
#.......#
####...##8..#
#.......#
#.....###.#
#.......# ##.<.##
.# #.......#
#.....# .#
........#


You could see an endoplasm, a goblin, a kobold and a frilled lizard.

Vanquished Creatures
  A kobold (D:1)
1 creature vanquished.

Notes
Turn   | Place    | Note
-------+----------+-------------------------------------------
     0 | D:1      | MisterAzrael the Djinni Shapeshifter began the quest for
                  | the Orb.
     0 | D:1      | Reached XP level 1. HP: 17/17 MP: 0/0
    30 | D:1      | Slain by a kobold

Illustrated notes

Levels and vault maps discovered:
D:1:      psy_arrival_basics, layout_basic, hangedman_abyss_or_decor_stabs

Action                     || total
---------------------------++-------
  Melee: Unarmed           ||     7
 Armour: Animal skin       ||     2
  Dodge: Dodged            ||     6

Table legend: (Time is in decaauts)
 A = Elapsed time spent in this place.
 B = Non-inter-level travel time spent in this place.
 C = Inter-level travel time spent in this place.
 D = Time resting spent in this place.
 E = Time spent auto-exploring this place.
 F = Levels seen in this place.
 G = Mean time per level.
                   A        B        C        D        E       F      G
               +--------+--------+--------+--------+--------+-----+--------+
         Total |     29 |     29 |      0 |      0 |     13 |   1 |   29.0 |
       Dungeon |     29 |     29 |      0 |      0 |     13 |   1 |   29.0 |
               +--------+--------+--------+--------+--------+-----+--------+

Top non-repeatable levels by time:
     D:1: 29 daAuts
